 Dungeon Crawl Stone Soup version 0.20-a0-681-gf83e07f (webtiles) character file.

32 polly the Ducker (level 3, 0/28 HPs)
             Began as a Demonspawn Gladiator on Feb 18, 2017.
             Slain by a goblin (1 damage)
             ... led by Robin
             ... on level 2 of the Dungeon.
             The game lasted 00:01:24 (750 turns).

polly the Ducker (Demonspawn Gladiator)              Turns: 750, Time: 00:01:24

Health: 0/28       AC:  4    Str: 12 (15) XL:     3   Next: 8%
Magic:  0/3        EV: 12    Int: 13 (14) God:
Gold:   73         SH:  0    Dex: 12 (14) Spells: 2/2 levels left

rFire    + . .     SeeInvis .   (no weapon)
rCold    + . .     Gourm    .   b - +0 leather armour
rNeg     . . .     Faith    .   (no shield)
rPois    +         Spirit   +   c - +0 helmet
rElec    +         Reflect  .   (no cloak)
rCorr    +         Harm     .   (no gloves)
MR       .....                  (no boots)
Stlth    +.........             (no amulet)
Regen    0.1/turn               (no ring)
MPRegen  0.1/turn               (no ring)

@: brilliant, resistant
A: claws 1, magic shield
a: no special abilities


You were on level 2 of the Dungeon.
You were not hungry.

You visited 1 branch of the dungeon, and saw 2 of its levels.

You collected 73 gold pieces.

Inventory:

Missiles
 d - 4 throwing nets (quivered)
Armour
 b - a +0 leather armour (worn)
 c - a +0 helmet (worn)
Jewellery
 j - an uncursed ring of stealth {unknown}
Scrolls
 e - 2 scrolls of identify {unknown}
 h - a scroll of enchant armour {unknown}
 l - a scroll of amnesia {unknown}
 m - 2 scrolls of immolation {unknown}
Potions
 a - a potion of resistance
 k - a potion of magic
 o - a potion of heal wounds {unknown}
Comestibles
 f - a bread ration
 g - 2 meat rations


   Skills:
 + Level 2.3 Fighting
   Level 2.9 Long Blades
 + Level 1.8 Throwing
 + Level 0.5 Armour
 + Level 3.1 Dodging
 * Level 0.8 Unarmed Combat


You had 2 spell levels left.
You didn't know any spells.

Dungeon Overview and Level Annotations

Branches:
Dungeon (2/15)

Altars:

Annotations:
D:2 Robin


Innate Abilities, Weirdness & Mutations

You have sharp fingernails.
When hurt, damage is shared between your health and your magic reserves.


Message History

Robin roars a battlecry!
The goblin completely misses you. The goblin barely misses you.
A hobgoblin comes into view. It is wielding a club.
It was a potion of resistance.
You feel protected. The goblin hits you with a dagger.
* * * LOW HITPOINT WARNING * * *
The hobgoblin moves out of view.
The goblin barely misses you.
It was a potion of brilliance.
You feel clever all of a sudden.
The goblin no longer looks unusually strong.
Robin roars a battlecry!
The goblin goes into a battle-frenzy!
The goblin barely misses you. The goblin hits you.
* * * LOW HITPOINT WARNING * * *
It was a potion of degeneration.
There was something very wrong with that liquid.
You feel weakened.
You feel dopey.
You feel clumsy. The goblin hits you but does no damage. The goblin hits you.
You die...

##########
######gg..g....
#....ggg.$gg.#
#.####g#####.#
#.# #@# #.# #g#
#.####.##
#.......#
######..# #(.#
#..# #..# #..#


You could see Robin, a hobgoblin and 5 goblins.

Vanquished Creatures
  An ooze (D:1)
  A dart slug (D:1)
  A leopard gecko (D:1)
  7 goblins
  5 hobgoblins (D:1)
  3 bats (D:1)
  2 kobolds (D:1)
  2 rats (D:1)
22 creatures vanquished.

Notes
Turn   | Place    | Note
-------+----------+-------------------------------------------
     0 | D:1      | polly the Demonspawn Gladiator began the quest for the Orb.
     0 | D:1      | Reached XP level 1. HP: 16/16 MP: 1/1
   134 | D:1      | Reached skill level 3 in Dodging
   134 | D:1      | Gained mutation: You have sharp fingernails. [demonic ancestry]
   134 | D:1      | Reached XP level 2. HP: 11/22 MP: 2/2
   732 | D:2      | Noticed Robin
   742 | D:2      | Gained mutation: When hurt, damage is shared between your health and your magic reserves. [demonic ancestry]
   742 | D:2      | Reached XP level 3. HP: 11/28 MP: 3/3
   749 | D:2      | HP: 1/28 [goblin[Robin] (1)]
   750 | D:2      | Slain by a goblin

Vault maps used:
D:1:      dpeg_arrival_castle, minmay_misc_feat_chi, minmay_misc_feat_room,
          corexii_hall_statues_i
D:2:      first_bread, makhleb_heckhound_becter, uniq_iyjb, uniq_robin

Skill      XL: |  1 |
---------------+----+-----
Dodging        | 3 |  3.1
Fighting       | |  2.3
Long Blades    | |  2.9
Throwing       | |  1.8
Armour         | |  0.5
Unarmed Combat | |  0.8

Action                   || total
-------------------------++-------
Melee: Long sword        ||    27
       Unarmed           ||    59
  Use: Potion            ||     4
Armor: Leather armour    ||    22
Dodge: Dodged            ||    93
       Rpst.: Long sword ||     9
